 Dungeon Crawl Stone Soup version 0.28-a0-1374-ga75cb3825e (webtiles) character file.

Game seed: 12542514169405447285

123 SnakkuSnakku7 the Conjurer (level 4, -5/33 HPs)
             Began as a Demigod Hedge Wizard on Jan 1, 2022.
             Slain by a scorpion (6 damage)
             ... on level 3 of the Dungeon.
             The game lasted 00:08:25 (2214 turns).

SnakkuSnakku7 the Conjurer (Demigod Hedge Wizard)   Turns: 2214, Time: 00:08:26

Health: -5/33      AC:  4    Str: 11    XL:     4   Next: 51%
Magic:  10/10      EV: 11    Int: 20    God:
Gold:   95         SH:  0    Dex: 13    Spells: 4/8 levels left

rFire   . . .      SeeInvis .   a - +2 dagger (venom)
rCold   . . .      Faith    .   (no shield)
rNeg    . . .      Spirit   .   f - +0 leather armour
rPois   .          Reflect  .   p - +0 helmet
rElec   .          Harm     .   (no cloak)
rCorr   .          Rampage  .   (no gloves)
Will    .....                   (no boots)
Stlth   ++........              (no amulet)
HPRegen 0.11/turn               b - ring of wizardry
MPRegen 0.12/turn               (no ring)

@: lethally poisoned (-5 -> -10)
A: high mp 1, forlorn, divine attributes
a: no special abilities


You were on level 3 of the Dungeon.
You visited 1 branch of the dungeon, and saw 4 of its levels.

You collected 179 gold pieces.
You spent 84 gold pieces at shops.

Inventory:

Hand Weapons
 a - a +2 dagger of venom (weapon)
 c - a +0 dagger
Armour
 f - a +0 leather armour (worn)
 p - a +0 helmet (worn)
Jewellery
 b - a ring of wizardry (left hand)
Scrolls
 d - 2 scrolls of teleportation {unknown}
 h - 5 scrolls of identify {unknown}
 j - 3 scrolls of enchant weapon {unknown}
Potions
 e - a potion of lignification {unknown}
 g - 3 potions of magic
 i - a potion of curing {unknown}
 k - a potion of attraction {unknown}
 l - 3 potions of might {unknown}
 m - a potion of brilliance {unknown}
 n - a potion of berserk rage {unknown}
 o - a potion of degeneration {unknown}


   Skills:
 - Level 1.7 Dodging
 - Level 1.7 Stealth
 - Level 2.6 Spellcasting
 - Level 4.0 Conjurations
 - Level 0.8 Summonings
 - Level 0.8 Translocations
 + Level 0.5 Air Magic
 + Level 0.6 Poison Magic


You had 4 spell levels left.
You knew the following spells:

 Your Spells              Type           Power      Damage    Failure   Level
a - Magic Dart            Conj           72%        1d6       1%          1
b - Mephitic Cloud        Conj/Pois/Air  9%         N/A       12%         3

Your spell library contained the following spells:

 Spells                   Type           Power      Damage    Failure   Level
 Slow                     Hex            8%         N/A       8%          1
 Blink                    Tloc           12%        N/A       9%          2
 Call Imp                 Summ           6%         N/A       9%          2
 Conjure Flame            Conj/Fire      10%        6-21      11%         3
 Ozocubu's Armour         Ice            2%         N/A       22%         3
 Metabolic Englaciation   Hex/Ice        1%         N/A       88%         5
 Simulacrum               Ice/Necr       1%         N/A       100%        6


Dungeon Overview and Level Annotations

Branches:
Dungeon (4/15)
 Temple: D:4-7

Shops:
D:2 =**[*   D:3 *


Innate Abilities, Weirdness & Mutations

You have an increased reservoir of magic. (+10% MP)
You shall have no god before yourself.
Your divine heritage dramatically boosts your attributes as you level up.


Message History

Unknown command.
You're too confused to move!
You feel less confused.
The adder skeleton completely misses you.
The black bear is engulfed in noxious fumes.
The black bear barely misses you. The black bear claws you.
The black bear claws you but does no damage.
Unknown command.
A scorpion comes into view.
A worm comes into view.
Found 11 stones.
The endoplasm quivers.
The endoplasm barely misses you.
The endoplasm hits you but does no damage.
There is an open door here.
You see here a ball python corpse.
The scorpion stings you! The scorpion barely misses you.
The endoplasm freezes you.
You are frozen.
* * * LOW HITPOINT WARNING * * *
There is a stone staircase leading up here.
The scorpion barely misses you. The endoplasm misses you.
You climb upwards.
There is a stone staircase leading down here.
Unknown command.
The scorpion misses you.
You hit the scorpion.
The scorpion is poisoned.
The scorpion is lightly wounded.
The scorpion stings you.
* * * LOW HITPOINT WARNING * * *
You are lethally poisoned!
The scorpion poisons you!
* * * LOW HITPOINT WARNING * * *
You feel very sick.
* * * LOW HITPOINT WARNING * * *
You feel sick.
It was a potion of magic.
Magic courses through your body.
* * * LOW HITPOINT WARNING * * *
You feel sick. The scorpion stings you.
You die...

...÷.......##...# #.##.........
#..........<....# #............
##...##.........## ##..#.........
.....###.....##..###.....##..####
..##...................#.##..#...
.....###.)...#####...........#...
.....................##.#....#...
..##.∩...........................
..###..........#@.####.##..#.....
.####..........##s.....##..##....
...............J.......###.##....
...##.......>######....# #.##....
#####..........###..######)...###
#...##................#..†###
#.......###..................
#####.................##.[...
######......###....[......##.....


You could see a scorpion (very poisoned).

Vanquished Creatures
  4 adders
  3 worms
  4 dart slugs
  5 orcs (D:3)
  5 ball pythons
  5 endoplasms
  4 giant cockroaches (D:1)
  4 goblins
  4 hobgoblins
  4 jackals (D:1)
  A quokka (D:3)
  7 bats
  2 frilled lizards
  3 kobolds
  7 rats
62 creatures vanquished.

Vanquished Creatures (others)
  3 plants (D:2)
3 creatures vanquished.

Grand Total: 65 creatures vanquished

Notes
Turn   | Place    | Note
-------+----------+-------------------------------------------
     0 | D:1      | SnakkuSnakku7 the Demigod Hedge Wizard began the quest for
                  | the Orb.
     0 | D:1      | Reached XP level 1. HP: 14/14 MP: 6/6
    54 | D:1      | Reached skill level 1 in Conjurations
   377 | D:1      | Reached skill level 2 in Conjurations
   377 | D:1      | Reached XP level 2. HP: 20/20 MP: 4/8
   846 | D:2      | Found Mifaakh's Assorted Antiques.
   852 | D:2      | Reached XP level 3. HP: 25/26 MP: 4/9
   856 | D:2      | Found Haagin's Antique Armour Emporium.
   870 | D:2      | Bought a bubbling ruby potion for 19 gold pieces
   870 | D:2      | Bought a bubbling dark potion for 19 gold pieces
   957 | D:2      | Reached skill level 3 in Conjurations
   970 | D:2      | Found Coada's Assorted Antiques.
   988 | D:2      | Bought a bubbling ruby potion for 24 gold pieces
  1247 | D:2      | Found Erioro's Jewellery Shop.
  1328 | D:2      | Found Afrounisk's General Store.
  1495 | D:2      | Bought a scroll labelled JIXASIKKAD for 22 gold pieces
  1596 | D:3      | Found Ozafraon's General Store.
  1638 | D:3      | Reached XP level 4. HP: 33/33 MP: 1/10
  1769 | D:3      | Reached skill level 4 in Conjurations
  1876 | D:3      | Learned a level 3 spell: Mephitic Cloud
  2155 | D:4      | Noticed a black bear
  2214 | D:3      | HP: 1/33 [poisoned by a scorpion]
  2214 | D:3      | Slain by a scorpion

Illustrated notes

Levels and vault maps discovered:
D:1:      dpeg_arrival_signposts, layout_rooms, dk_noncrumbling_3
D:2:      layout_rooms, chequers_ecumenical_altar_simple_redux, serial_shops,
          shop, nicolae_shop_waterfront, shop, shop,
          nicolae_shop_overgrown_old_shop, serial_bayou_ford_a,
          minmay_misc_feat_nine_boxes
D:3:      layout_rooms, serial_shops, shop, nicolae_elevator_lobby_asterisk
D:4:      cheibrodos_barr_body, layout_loops_corners, kennysheep_generic_room_15

Skill      XL: |  1  2  3  4 |
---------------+-------------+-----
Conjurations   | 2 3 4 |  4.0
Dodging        | |  1.7
Stealth        | |  1.7
Spellcasting   | |  2.6
Summonings     | |  0.8
Translocations | |  0.8
Air Magic      | |  0.5
Poison Magic   | |  0.6

Action                   |  1- 3 |  4- 6 || total
-------------------------+-------+-------++-------
Melee: Dagger            |    57 |    34 ||    91
 Cast: Magic Dart        |    95 |    37 ||   132
       Mephitic Cloud    |       |     1 ||     1
  Use: Potion            |       |     1 ||     1
Armor: Robe              |     3 |       ||     3
       Leather armour    |    11 |    10 ||    21
Dodge: Dodged            |    54 |    25 ||    79

Table legend: (Time is in decaauts)
 A = Elapsed time spent in this place.
 B = Non-inter-level travel time spent in this place.
 C = Inter-level travel time spent in this place.
 D = Time resting spent in this place.
 E = Time spent auto-exploring this place.
 F = Levels seen in this place.
 G = Mean time per level.
                   A        B        C        D        E       F      G
               +--------+--------+--------+--------+--------+-----+--------+
         Total |   2224 |   2091 |    133 |    282 |   1156 |   4 |  556.0 |
       Dungeon |   2224 |   2091 |    133 |    282 |   1156 |   4 |  556.0 |
               +--------+--------+--------+--------+--------+-----+--------+

Top non-repeatable levels by time:
     D:1: 837 daAuts
     D:2: 756 daAuts
     D:3: 574 daAuts
     D:4: 56 daAuts
